 Dungeon Crawl Stone Soup version 0.30.1-4-g462c640d31 (webtiles) character file.

Game seed: 5548938114822786749

11274 rvierbuc the Fighter (level 11, -3/95 HPs)
             Began as a Demonspawn Gladiator on Aug 24, 2023.
             Was an Elder of Okawaru.
             Killed from afar by an orc wizard (10 damage)
             ... with a puff of flame
             ... on level 10 of the Dungeon.
             The game lasted 00:30:50 (10906 turns).

rvierbuc the Fighter (Demonspawn Gladiator)        Turns: 10906, Time: 00:30:50

Health: -3/95      AC: 26    Str: 20    XL:     11   Next: 47%
Magic:  11/11      EV:  8    Int:  9    God:    Okawaru [****..]
Gold:   322        SH:  5    Dex: 14    Spells: 10/10 levels left

rFire   . . .        H - +8 mace "Qecif" {heavy, rN+}
rCold   . . .        F - +0 buckler
rNeg    + . .        g - +0 plate armour
rPois   .            q - +2 helmet
rElec   .            (no cloak)
rCorr   .            (no gloves)
SInv    .            (no boots)
Will    .....        (no amulet) Stlth
                     p - ring of flight
HPRegen 0.35/turn    G - ring of wizardry
MPRegen 0.12/turn

%: wizardry (x1)
@: sanguine armoured, flying, studying Unarmed Combat
A: foul stench 2, sanguine armour 2, condensation shield, weakness stinger 1
a: Renounce Religion, Heroism, Finesse


You were on level 10 of the Dungeon.
You worshipped Okawaru.
Okawaru was greatly pleased with you.
You visited 2 branches of the dungeon, and saw 11 of its levels.

You collected 567 gold pieces.
You spent 245 gold pieces at shops.

Inventory:

Hand Weapons
 a - a +1 flail
 h - a +1 spear of freezing
 k - a +4 hand axe
 z - the +5 short sword of the Chain {speed, rF- Str+3 Int+3 Stlth+}
   (You found it on level 3 of the Dungeon)

   Str:       It affects your strength (+3).
   Int:       It affects your intelligence (+3).
   rF:        It makes you vulnerable to fire.
   Stlth:     It makes you more stealthy.
 H - the +8 mace "Qecif" (weapon) {heavy, rN+}
   (You found it on level 7 of the Dungeon)

   rN:        It protects you from negative energy.
 I - a +1 flail of protection
 K - a +2 heavy sling
 R - a +1 dire flail
 S - a +5 flail
Missiles
 c - 19 poisoned darts
 d - 5 throwing nets (quivered)
 e - a javelin
 E - 2 atropa-tipped darts
Armour
 g - a +0 plate armour (worn)
 q - a +2 helmet (worn)
 D - +0 steam dragon scales
 F - a +0 buckler (worn)
 M - a +0 leather armour of poison resistance
Magical Staves
 y - a staff of earth
 O - a staff of cold
Jewellery
 j - an amulet of faith
 p - a ring of flight (left hand)
 G - a ring of wizardry (right hand)
Wands
 o - a wand of digging (9)
 r - a wand of quicksilver (13)
 B - a wand of iceblast (8)
 C - a wand of mindburst (12)
Scrolls
 l - 3 scrolls of magic mapping
 n - 2 scrolls of noise
 s - 3 scrolls of immolation
 t - 3 scrolls of teleportation
 u - 4 scrolls of fear
 v - 2 scrolls of silence
 x - 3 scrolls of enchant weapon
 J - a scroll of amnesia {unknown}
 N - a scroll of blinking {unknown}
 P - a scroll of enchant armour
Potions
 b - a potion of degeneration
 f - a potion of heal wounds
 m - 2 potions of curing
 w - a potion of might
 A - 2 potions of haste
 L - a potion of flight {unknown}
Miscellaneous
 Q - a phantom mirror


   Skills:
 + Level 11.8 Fighting
 + Level 8.7 Maces & Flails
 + Level 1.8 Throwing
 + Level 9.2 Armour
 + Level 4.9 Dodging
 + Level 3.5 Stealth
 + Level 4.5 Shields
 + Level 3.2 Earth Magic
 + Level 0.7 Invocations


You had 10 spell levels left.
You didn't know any spells.
Your spell library contained the following spells:

 Spells                   Type           Power      Damage    Failure   Level
 Dazzling Flash           Conj/Hex       0%         N/A       100%        3
 Portal Projectile        Hex/Tloc       0%         N/A       100%        3
 Leda's Liquefaction      Hex/Erth       1%         N/A       100%        4
 Agony                    Necr           0%         N/A       100%        5
 Silence                  Hex/Air        0%         N/A       100%        5
 Summon Small Mammal      Summ           Unusable   N/A       N/A         1
 Call Canine Familiar     Summ           Unusable   N/A       N/A         3
 Summon Guardian Golem    Hex/Summ       Unusable   N/A       N/A         3

Dungeon Overview and Level Annotations

Branches:
Dungeon (10/15)            Temple (1/1) D:5
   Lair: D:8-11         Orc: D:9-12

Altars:
Ashenzari
Cheibriados
Dithmenos
Fedhas
Gozag
Hepliaklqana
Kikubaaqudgha
Makhleb
Nemelex Xobeh
Okawaru
Qazlal
Ru
Sif Muna
Trog
Uskayaw
Vehumet
Wu Jian
Xom
Yredelemnul

Shops:
D:6 =   D:7 [:   D:8 (

Annotations:
D:8 4 runed translucent doors


Innate Abilities, Weirdness & Mutations

You sometimes emit foul miasma when damaged in melee.
When seriously injured, your blood forms thick armour. (AC +9)
A meltable shield of frost defends you. (SH +0)
You have a small tail.


Message History

Something tries to affect you, but you resist.
You feel much better.
The two-headed ogre hits you but does no damage.
The two-headed ogre hits you with a +0 giant club!
* * * LOW HITPOINT WARNING * * *
You bludgeon the two-headed ogre!!
The two-headed ogre is moderately wounded.
Something hits you but does no damage.
You hit the two-headed ogre. You tail-slap the two-headed ogre.
The two-headed ogre is heavily wounded.
You feel like a meek peon again.
You block the two-headed ogre's attack. x2
The orc hits you but does no damage. Something hits you but does no damage.
You bludgeon the two-headed ogre!!
Your tail-slap misses the two-headed ogre.
The two-headed ogre is almost dead.
The two-headed ogre barely misses you. x2; The orc hits you but does no damage.
Something hits you but does no damage.
You sock the two-headed ogre!
Your tail-slap misses the two-headed ogre.
The two-headed ogre is almost dead.
The orc closely misses you. Something hits you but does no damage.
You block the two-headed ogre's attack.
The two-headed ogre hits you with a +0 giant club!
* * * LOW HITPOINT WARNING * * *
You barely miss the two-headed ogre. You tail-slap the two-headed ogre.
The two-headed ogre is almost dead.
Something completely misses you. You block the orc's attack.
Something hits you but does no damage. The orc hits you but does no damage.
The two-headed ogre hits you but does no damage. x2
You sock the two-headed ogre!
You kill the two-headed ogre!
Okawaru is honoured by your kill. Something hits you but does no damage.
The orc barely misses you.
You sock something!
You hear some strange, mumbled words.
A puff of flame appears from out of thin air!
The puff of flame hits you!
Your condensation shield dissipates!
You die...

.#.....o..$##..######
#.#.......+...#
#...O.....#....
......##O.#
.#######oo#
#!..#######
#.{.#.....#
#...#o{...#
#...oo@...+
###########


You could see 3 orcs.

Vanquished Creatures
  4 two-headed ogres
  A deep elf pyromancer (D:9)
  A cyclops (D:8)
  Joseph (D:10)
  A kobold demonologist (D:8)
  9 yaks (D:9)
  2 wyverns
  3 steam dragons
  3 orc warriors
  4 ice beasts
  A sky beast (D:7)
  2 black bears
  An ogre (D:5)
  3 centaurs
  5 bullfrogs
  Blork the orc (D:6)
  A gnoll sergeant (D:10)
  A scorpion (D:6)
  4 wights (D:9)
  A killer bee (D:8)
  5 howler monkeys
  2 jellies
  5 orc priests
  Ijyb (D:5)
  3 hounds
  A sleepcap (D:6)
  A gnoll bouda (D:9)
  3 iguanas
  5 orc wizards
  12 gnolls
  7 adders
  2 white imps
  3 ufetubi
  A worm (D:2)
  24 orcs
  5 bats
  6 giant cockroaches
  5 goblins
  5 hobgoblins
  12 jackals
  6 quokkas
  8 ball pythons
  3 frilled lizards
  8 kobolds
  9 rats
191 creatures vanquished.

Notes
Turn   | Place    | Note
-------+----------+-------------------------------------------
     0 | D:1      | rvierbuc the Demonspawn Gladiator began the quest for the
                  | Orb.
     0 | D:1      | Reached XP level 1. HP: 16/16 MP: 1/1
   297 | D:1      | Gained mutation: You have a small tail. [demonic ancestry]
   297 | D:1      | Reached XP level 2. HP: 22/22 MP: 2/2
   737 | D:1      | Gained mutation: When seriously injured, your blood forms
                  | armour. (AC +9) [demonic ancestry]
   737 | D:1      | Reached XP level 3. HP: 26/27 MP: 3/3
  1168 | D:2      | Reached skill level 1 in Armour
  1168 | D:2      | Reached XP level 4. HP: 29/34 MP: 4/4
  1774 | D:2      | Found a faded altar of an unknown god.
  2157 | D:3      | Found an iron altar of Okawaru.
  2465 | D:3      | Found an ornate altar of the Wu Jian Council.
  2530 | D:3      | Reached skill level 9 in Fighting
  2530 | D:3      | Reached XP level 5. HP: 52/52 MP: 5/5
  2762 | D:4      | Gained mutation: You may rarely emit foul miasma when
                  | damaged in melee. [demonic ancestry]
  2762 | D:4      | Reached XP level 6. HP: 57/59 MP: 6/6
  3698 | D:4      | Found an ancient bone altar of Kikubaaqudgha.
  3701 | D:4      | Found a blossoming altar of Fedhas.
  4096 | D:5      | Entered Level 5 of the Dungeon
  4183 | D:5      | Reached XP level 7. HP: 38/64 MP: 7/7
  4479 | D:5      | Noticed Ijyb
  4494 | D:5      | Killed Ijyb
  4822 | D:5      | Reached skill level 5 in Maces & Flails
  4992 | D:5      | Found a staircase to the Ecumenical Temple.
  5176 | Temple   | Entered the Ecumenical Temple
  5302 | D:3      | Became a worshipper of Warmaster Okawaru
  5475 | D:6      | Reached XP level 8. HP: 27/72 MP: 8/8
  5693 | D:6      | Found a shadowy altar of Dithmenos.
  5969 | D:6      | Noticed Blork the orc
  5979 | D:6      | Reached * piety under Okawaru
  5991 | D:6      | Killed Blork the orc
  6248 | D:6      | Found Monwutse's Jewellery Boutique.
  6579 | D:7      | Reached ** piety under Okawaru
  6580 | D:7      | Reached skill level 10 in Fighting
  6853 | D:7      | Gained mutation: A meltable shield of frost defends you.
                  | (SH +0) [demonic ancestry]
  6853 | D:7      | Reached XP level 9. HP: 57/78 MP: 9/9
  7238 | D:7      | Identified the +8 mace "Qecif" {heavy, rN+}
  7436 | D:7      | Found Qapp's Self-Improvement Boutique.
  7640 | D:7      | Found Xolucic's Antique Armour Shop.
  7902 | D:3      | Reached skill level 11 in Fighting
  7902 | D:3      | Gained mutation: When seriously injured, your blood forms
                  | thick armour. (AC +9) [demonic ancestry]
  7902 | D:3      | Reached XP level 10. HP: 88/88 MP: 10/10
  8021 | D:6      | Bought a ring of flight for 245 gold pieces
  8230 | D:3      | Identified the +5 short sword of the Chain {speed, rF-
                  | Str+3 Int+3 Stlth+}
  8472 | D:8      | Found Fuofagest's Antique Weapon Shoppe.
  8692 | D:8      | Found a large runed translucent door.
  8693 | D:8      | Found a large runed translucent door.
  8697 | D:8      | Noticed a centaur warrior
  8729 | D:8      | Noticed a cyclops
  8738 | D:8      | Killed a cyclops
  8796 | D:8      | Found a large runed translucent door.
  8796 | D:8      | Found a large runed translucent door.
  9421 | D:9      | Noticed a two-headed ogre
  9431 | D:9      | Killed a two-headed ogre
  9626 | D:9      | Reached *** piety under Okawaru
  9703 | D:9      | Found a shimmering blue altar of Sif Muna.
  9774 | D:9      | Noticed a deep elf pyromancer
  9783 | D:9      | Killed a deep elf pyromancer
  9784 | D:9      | Gained mutation: You sometimes emit foul miasma when
                  | damaged in melee. [demonic ancestry]
  9784 | D:9      | Reached XP level 11. HP: 89/93 MP: 9/11
  9908 | D:9      | Identified the +8 long sword of Sunlight {holy, Will++}
 10711 | D:10     | Entered Level 10 of the Dungeon
 10711 | D:10     | Noticed a two-headed ogre
 10716 | D:10     | Killed a two-headed ogre
 10716 | D:10     | Reached **** piety under Okawaru
 10797 | D:10     | Noticed Joseph
 10810 | D:10     | Noticed a two-headed ogre
 10818 | D:10     | HP: 4/95 [Joseph/+0 quarterstaff (10)]
 10826 | D:10     | Killed a two-headed ogre
 10827 | D:10     | Killed Joseph
 10871 | D:10     | Noticed a two-headed ogre
 10905 | D:10     | Killed a two-headed ogre
 10906 | D:10     | Killed from afar by an orc wizard

Illustrated notes

Levels and vault maps discovered:
D:1:      spicycebolla_arrival_risky_transporter, layout_basic,
          grunt_decor_one_mirror
D:2:      layout_basic, chequers_ecumenical_altar_lobes, dk_noncrumbling_3,
          chequers_serial_rivers_small_3, corexii_corridor_pit,
          hangedman_decor_clover_reticule, hex_intersection, minivault_5
D:3:      layout_rooms, nicolae_overflow_crystal_walls,
          nicolae_wu_jian_glorious_leap
D:4:      layout_basic, grunt_temple_overflow_growth_and_decay,
          roderic_serpentine_path
D:5:      layout_loops_ring, lemuel_temple_firewalk_b, uniq_ijyb
D:6:      layout_loops_ring, grunt_dithmenos_smoke_and_mirrors, serial_shops,
          shop, uniq_blork_the_orc
D:7:      layout_loops_corners, serial_shops, nicolae_lakefront_shop,
          nicolae_shop_self_help
D:8:      layout_loops_ring, serial_demonic, serial_demonic_e, serial_demonic_d,
          serial_demonic_c, serial_demonic_c, nicolae_take_the_stairs,
          minmay_hollow_rounded_squares
D:9:      layout_stronghold, mainiacjoe_overflow_surrounded_room
D:10:     layout_gridville, minmay_fractal_squares_5, uniq_joseph
Temple:   nicolae_temple_x_marks_the_god

Skill      XL: |  1  2  3  4  5  6  7  8  9 10 11 |
---------------+----------------------------------+-----
Dodging        | 3 4 |  4.9
Maces & Flails | 3 4 5 6 7 8 |  8.7
Armour         | 1 6 7 8 9 |  9.2
Fighting       | 9 10 11 | 11.8
Stealth        | 3 |  3.5
Shields        | 3 4 |  4.5
Earth Magic    | 3 |  3.2
Throwing       | |  1.8
Invocations    | |  0.7

Action                     |  1- 3 |  4- 6 |  7- 9 | 10-12 || total
---------------------------+-------+-------+-------+-------++-------
  Melee: Flail             |   135 |   157 |   238 |       ||   530
         Tailslap          |    10 |    17 |    43 |    27 ||    97
         Punch             |     1 |     2 |       |       ||     3
         Mace              |       |       |    15 |   166 ||   181
 Invoke: Heroism           |       |       |     1 |     4 ||     5
    Use: Potion            |       |     6 |     6 |     6 ||    18
         Scroll            |       |     6 |     1 |     5 ||    12
   Stab: Sleeping          |     1 |       |       |       ||     1
 Armour: Leather armour    |    15 |       |       |       ||    15
         Plate armour      |   101 |   120 |   264 |   126 ||   611
         Skin              |       |       |       |     5 ||     5
  Dodge: Dodged            |    72 |    63 |    77 |    82 ||   294
  Block: Buckler           |       |       |    13 |   102 ||   115
         Other             |       |       |     5 |       ||     5
